AoeStats
← naphtaligrauer16

Arena

510409241Analyzed
4v4 RM · 2d ago on Sep 30, 2026· 34m 8s· 8 players
Game mode
Random Map
Map size
Large (8 player)
Population
200
Speed
Normal
Resources
Standard
Victory
Conquest
Starting age
Dark Age
Ending age
Imperial Age
RankedLock teamsTeams togetherTeam positionsShared explorationLock speedFull tech treeHidden civsTurbo modeCheats
Victory
Defeat
🇮🇹 Tupi · Italy
1758
+14
🇦🇷 Cumans · Argentina
1701
+16
🇮🇹 Spanish · Italy
1690
+17
🇮🇹 Khmer · Italy
1681
+17
🇩🇪 Wu · Germany
1791
-19
🇺🇸 Saxons · United States
1745
-18
🇩🇪 Saracens · Germany
1676
-15
🇨🇳 Maya · China
1605
-12
~BroKen~
8:29 Feudal Age
9:21 Double-Bit Axe
11:08 Horse Collar
17:24 Wheelbarrow
18:32 Loom
21:14 Castle Age
20:02 Scale Barding Armor
20:07 Forging
19:57 Gold Mining
22:01 Bloodlines
22:22 Chain Barding Armor
22:38 Iron Casting
22:37 Hand Cart
22:33 Capped Ram
23:38 Light Cavalry
32:09 Bow Saw
Dott_Berlu
11:17 Feudal Age
12:33 Double-Bit Axe
14:57 Castle Age
13:22 Horse Collar
13:34 Gold Mining
15:55 Bow Saw
16:12 Town Watch
17:04 Wheelbarrow
17:34 Fletching
18:14 Bodkin Arrow
19:11 Padded Archer Armor
22:50 Loom
25:04 Ballistics
26:59 Gold Shaft Mining
26:24 Heavy Plow
OS | pilot
12:22 Feudal Age
15:17 Castle Age
13:12 Double-Bit Axe
13:09 Horse Collar
16:39 Bow Saw
21:49 Heavy Plow
22:45 Wheelbarrow
22:42 Gold Mining
24:17 Gold Shaft Mining
24:23 Hand Cart
24:10 Stone Mining
28:14 Imperial Age
25:29 Loom
26:17 Scale Mail Armor
26:28 Forging
26:16 Pikeman
28:58 Ballistics
28:34 Capped Ram
29:04 Heavy Scorpion
29:30 Siege Ram
30:46 Halberdier
32:18 Siege Engineers
33:50 Double Crossbow
34:10 Conscription
GdR_Scugo
11:37 Feudal Age
12:37 Double-Bit Axe
15:07 Castle Age
13:52 Horse Collar
14:47 Gold Mining
16:14 Bow Saw
16:10 Heavy Plow
23:20 Scale Barding Armor
23:20 Padded Archer Armor
27:23 Leather Archer Armor
34:24 Imperial Age
33:06 Wheelbarrow
32:56 Bloodlines
32:49 Husbandry
33:58 Heavy Plow
Collllin
10:41 Feudal Age
11:50 Double-Bit Axe
12:00 Horse Collar
14:33 Castle Age
15:45 Bow Saw
16:36 Gold Mining
18:55 Scale Mail Armor
21:27 Chain Mail Armor
23:10 Forging
25:55 Loom
26:34 Town Watch
27:19 Fortified Wall
30:42 Ballistics
31:01 Wheelbarrow
31:17 Squires
31:03 Gambesons
31:04 Arson
ArabiaHaterNr.1
10:26 Feudal Age
12:11 Double-Bit Axe
14:35 Castle Age
14:11 Fletching
14:02 Horse Collar
14:14 Gold Mining
15:42 Bow Saw
16:40 Wheelbarrow
16:46 Bodkin Arrow
18:46 Loom
20:17 Padded Archer Armor
21:28 Ballistics
21:33 Town Watch
21:57 Stone Mining
24:08 Leather Archer Armor
24:52 Red Cliffs Tactics
30:11 Imperial Age
28:57 Wheelbarrow
30:54 Bracer
31:54 Chemistry
31:21 Conscription
30:39 Elite Fire Archer
Bz_青红
0:30 Loom
11:24 Feudal Age
14:58 Castle Age
12:59 Horse Collar
13:33 Double-Bit Axe
15:54 Bow Saw
20:29 Wheelbarrow
27:39 Imperial Age
25:13 Scale Mail Armor
25:22 Pikeman
28:21 Forging
28:00 Halberdier
naphtaligrauer16
3:47 Loom
9:08 Feudal Age
9:44 Double-Bit Axe
9:41 Horse Collar
10:16 Stone Mining
15:25 Wheelbarrow
22:17 Castle Age
23:35 Coinage
23:28 Bow Saw
23:10 Gold Mining
23:32 Heavy Plow
28:46 Loom
28:47 Town Watch
36:43 Imperial Age
Connection lost

Rejoining the realm…

Still unreachable

The connection could not be restored.

Session expired

The server has moved on; the page needs a fresh start.